 Dungeon Crawl Stone Soup version 0.28.0-53-g5a82cb258f (webtiles) character file.

Game seed: 3778903118932516419

2019 Jerry the Skirmisher (level 9, -1/49 HPs)
             Began as a Vine Stalker Fighter on July 30, 2022.
             Slain by Harold
             ... wielding a +0 scimitar
              (9 damage)
             ... on level 7 of the Dungeon.
             The game lasted 00:12:40 (5790 turns).

Jerry the Skirmisher (Vine Stalker Fighter)         Turns: 5790, Time: 00:12:41

Health: -1/49      AC:  9    Str: 18    XL:     9   Next: 23%
Magic:  0/10       EV:  9    Int:  8    God:
Gold:   257        SH:  6    Dex: 19    Spells: 8/8 levels left

rFire   + . .      SeeInvis .   a - +1 rapier (flame)
rCold   + . .      Faith    .   c - +0 buckler
rNeg    + . .      Spirit   +   b - +0 scale mail
rPois   .          Reflect  .   g - +1 helmet
rElec   .          Harm     .   l - scarf {rC+ rF+}
rCorr   +          Rampage  .   (no gloves)
Will    +....                   (no boots)
Stlth   ..........              (no amulet)
HPRegen 0.96/turn               i - ring of resist corrosion
MPRegen 0.12/turn               x - ring of positive energy

@: marked
A: fangs 3, regeneration 1, magic shield, antimagic bite, no potion heal 2
a: no special abilities


You were on level 7 of the Dungeon.
You visited 2 branches of the dungeon, and saw 8 of its levels.

You collected 327 gold pieces.
You spent 70 gold pieces at shops.

Inventory:

Hand Weapons
 a - a +1 rapier of flaming (weapon)
Missiles
 j - 3 poisoned darts (quivered)
Armour
 b - a +0 scale mail (worn)
 c - a +0 buckler (worn)
 g - a +1 helmet (worn)
 l - a scarf of resistance (worn)
Jewellery
 i - a ring of resist corrosion (left hand)
 o - a ring of fire
 p - a +6 ring of dexterity
 x - a ring of positive energy (right hand)
 B - a ring of protection from fire
Wands
 k - a wand of acid (4)
 E - a wand of digging (3)
Scrolls
 m - 2 scrolls of vulnerability {unknown}
 s - a scroll of teleportation {unknown}
 u - 2 scrolls of immolation
 v - 4 scrolls of identify
 w - a scroll of amnesia {unknown}
 y - a scroll of torment {unknown}
 A - a scroll of fog {unknown}
 D - a scroll of enchant weapon
Potions
 d - 2 potions of invisibility
 e - 3 potions of attraction
 f - 4 potions of curing
 h - 2 potions of haste
 n - 3 potions of brilliance {unknown}
 q - 3 potions of lignification
 r - a potion of mutation {unknown}
 t - a potion of flight
 z - 2 potions of ambrosia {unknown}
 C - a potion of might


   Skills:
 + Level 6.3 Fighting
 + Level 5.9 Short Blades
 + Level 5.8 Armour
 - Level 5.0 Shields


You had 8 spell levels left.
You didn't know any spells.
Your spell library contained the following spells:

 Spells                   Type           Power      Damage    Failure   Level
 Frozen Ramparts          Ice            0%         1d2       99%         3
 Gell's Gravitas          Tloc           0%         N/A       99%         3
 Teleport Other           Tloc           0%         N/A       99%         3
 Ice Form                 Ice/Tmut       0%         N/A       100%        4
 Summon Ice Beast         Ice/Summ       0%         N/A       100%        4
 Dispersal                Tloc           0%         N/A       100%        6


Dungeon Overview and Level Annotations

Branches:
Dungeon (7/15)             Temple (1/1) D:7

Altars:
Ashenzari
Dithmenos
Elyvilon
Fedhas
Hepliaklqana
Kikubaaqudgha
Okawaru
Qazlal
Ru
Sif Muna
Trog
Wu Jian
Xom
Zin

Shops:
D:3 (*=*?

Annotations:
D:7 Harold


Innate Abilities, Weirdness & Mutations

You have razor-sharp teeth.
Your natural rate of healing is unusually fast.
When hurt, damage is shared between your health and your magic reserves.
Your bite disrupts and absorbs the magic of your enemies.
Potions cannot restore your health.


Message History

Harold is heavily wounded.
Harold hits you with a +0 scimitar!
You hit Harold but do no damage. You bite Harold, but do no damage.
Harold is heavily wounded.
Harold hits you with a +0 scimitar!! The hound bites you.
You hit Harold but do no damage. Your bite misses Harold.
Harold is heavily wounded.
A howler monkey zombie comes into view.
The hound bites you. Harold hits you but does no damage.
The hound barely misses you.
Harold falters for a moment.
The hound bites you but does no damage.
Harold falters for a moment.
You puncture the hound! You burn the hound.
The hound is almost dead.
You block the hound's attack. The hound bites you but does no damage.
You barely miss the hound.
The hound is almost dead.
The hound misses you.
You hit the hound. You burn the hound.
The hound is almost dead.
The hound bites you.
A water moccasin comes into view.
You hit Harold but do no damage.
Harold is heavily wounded.
You barely miss Harold. You bite Harold.
Harold's magic leaks into the air.
You drain his magic.
You feel invigorated.
Harold is heavily wounded.
Harold hits you with a +0 scimitar!
* * * LOW HITPOINT WARNING * * *
You hit Harold but do no damage. You bite Harold.
Harold's magic leaks into the air.
You drain his magic.
You feel invigorated.
Harold is severely wounded.
Harold hits you with a +0 scimitar!
* * * LOW HITPOINT WARNING * * *
You hit Harold but do no damage.
Harold is severely wounded.
Harold barely misses you.
You hit Harold. You burn Harold.
Harold is almost dead.
Harold hits you with a +0 scimitar!
You die...

.. #.. .# ######
#.###.# .# ###
####.....##.####
####..
#..............#
##.....
##.........#
##...)..
#.........>#
#....>..
#..ZSh.####
.##.......
####@###
#.##....... #.@.#
#.###.....<
#####.### #.#
##...#.
#...#...###.#
##..##
###...#...#.#
#..##
###.###...####.##
#.........##[#
######.[..#)(#
##.....## #...[##


You could see Harold (magic disrupted), a water moccasin and a howler monkey
zombie.

Vanquished Creatures
  Pikel (D:5)
  Sigmund (D:2)
  Edmund (D:5)
  A water moccasin (D:6)
  An orc warrior (D:7)
  An ice beast (D:5)
  A black bear (D:4)
  2 necrophages
  An ogre (D:5)
  A centaur (D:5)
  A lemure (D:5)
  A bullfrog (D:5)
  2 howler monkeys
  3 bullfrog zombies
  2 hounds
  3 bullfrog skeletons
  An iguana (D:5)
  An orc wizard (D:7)
  4 adders
  A shadow imp (D:6)
  A white imp (D:5)
  A worm (D:4)
  2 dart slugs (D:3)
  12 orcs
  8 ball pythons
  6 bats
  7 endoplasms
  3 giant cockroaches (D:1)
  9 goblins
  9 hobgoblins
  6 jackals
  6 quokkas
  A frilled lizard (D:1)
  8 kobolds
  A rat (D:1)
110 creatures vanquished.

Vanquished Creatures (others)
  A bush (D:5)
1 creature vanquished.

Grand Total: 111 creatures vanquished

Notes
Turn   | Place    | Note
-------+----------+-------------------------------------------
     0 | D:1      | Jerry the Vine Stalker Fighter began the quest for the Orb.
     0 | D:1      | Reached XP level 1. HP: 11/11 MP: 2/2
   210 | D:1      | Reached XP level 2. HP: 16/16 MP: 3/3
  1000 | D:1      | Reached XP level 3. HP: 18/19 MP: 4/4
  1059 | D:1      | Reached skill level 3 in Fighting
  2013 | D:2      | Noticed Sigmund
  2020 | D:2      | Killed Sigmund
  2021 | D:2      | Gained mutation: Your natural rate of healing is unusually
                  | fast. [Vine Stalker growth]
  2021 | D:2      | Reached XP level 4. HP: 25/25 MP: 5/5
  2021 | D:2      | Reached XP level 5. HP: 28/28 MP: 6/6
  2444 | D:3      | Found Sisaacut's Weapon Shop.
  2494 | D:3      | Found a faded altar of an unknown god.
  2518 | D:3      | Found Hak Liq's General Store.
  2654 | D:3      | Reached XP level 6. HP: 33/33 MP: 7/7
  2743 | D:3      | Found Pura Turpha's Jewellery Emporium.
  2850 | D:3      | Found Yxaf's Magic Scroll Boutique.
  2868 | D:3      | Found Lilis's Assorted Antiques.
  2878 | D:3      | Bought a scroll labelled YREZAACWAFE for 18 gold pieces
  2878 | D:3      | Bought a fuming sapphire potion for 16 gold pieces
  2878 | D:3      | Bought 2 scrolls labelled HAYMNI YNNET for 36 gold pieces
  3265 | D:4      | Reached skill level 4 in Fighting
  3546 | D:4      | Noticed a black bear
  3555 | D:4      | Killed a black bear
  3556 | D:4      | Reached XP level 7. HP: 36/37 MP: 8/8
  3726 | D:5      | Entered Level 5 of the Dungeon
  4048 | D:5      | Noticed Edmund
  4059 | D:5      | Killed Edmund
  4544 | D:5      | Gained mutation: You have razor-sharp teeth. [Vine Stalker
                  | growth]
  4544 | D:5      | Reached XP level 8. HP: 42/42 MP: 9/9
  4832 | D:6      | Noticed Pikel
  4840 | D:5      | Reached skill level 5 in Shields
  4844 | D:5      | Reached skill level 5 in Fighting
  4912 | D:5      | Killed Pikel
  4913 | D:5      | Reached skill level 5 in Short Blades
  4913 | D:5      | Reached skill level 5 in Armour
  5004 | D:6      | Reached XP level 9. HP: 48/48 MP: 10/10
  5161 | D:6      | Reached skill level 6 in Fighting
  5312 | D:6      | Found a glowing silver altar of Zin.
  5516 | D:7      | Found a staircase to the Ecumenical Temple.
  5525 | Temple   | Entered the Ecumenical Temple
  5759 | D:7      | Noticed Harold
  5790 | D:7      | Slain by Harold

Illustrated notes

Levels and vault maps discovered:
D:1:      sevenhm_arrival_forest_fort_large_2, layout_loops_corners,
          minmay_tripent
D:2:      layout_loops_ring, uniq_sigmund
D:3:      layout_basic, shapermc_ecumenical_altar_notcrosses, serial_shops,
          shop, shop, shop, shop_scrolls, nicolae_shop_hallway_stairs,
          nrook_mini_backslash, st_stairs_12
D:4:      layout_basic
D:5:      layout_loops_corners, kb_lookout_dungeons_type, uniq_edmund
D:6:      layout_cave_pools, zin_academy, uniq_pikel
D:7:      layout_rooms, grunt_temple_overflow_opulence,
          lemuel_temple_firewalk_b, uniq_crazy_yiuf_cottage, uniq_harold
Temple:   dshaligram_water_room_temple

Skill      XL: |  1  2  3  4  5  6  7  8  9 |
---------------+----------------------------+-----
Short Blades   | 2 3 4 5 |  5.9
Shields        | 3 4 5 |  5.0
Fighting       | 3 4 5 6 |  6.3
Armour         | 3 4 5 |  5.8

Action                   |  1- 3 |  4- 6 |  7- 9 || total
-------------------------+-------+-------+-------++-------
Melee: Rapier            |    93 |    99 |   173 ||   365
       Bite              |    20 |    29 |    59 ||   108
Throw: Dart              |       |     3 |     3 ||     6
  Use: Scroll            |     2 |    10 |     1 ||    13
       Potion            |     1 |       |       ||     1
Armor: Scale mail        |    33 |    47 |    57 ||   137
Dodge: Dodged            |    32 |    31 |    66 ||   129
Block: Buckler           |    22 |    14 |    45 ||    81
